 Dungeon Crawl Stone Soup version 0.22.1-1-ga44c0e56f4 (webtiles) character file.

160 Cykl0x the Covered (level 5, -2/33 HPs)
             Began as a Gargoyle Fighter on Nov 1, 2018.
             Slain by Crazy Yiuf
             ... wielding a +2 quarterstaff of chaos
              (9 damage)
             ... on level 2 of the Dungeon.
             The game lasted 00:03:52 (1172 turns).

Cykl0x the Covered (Gargoyle Fighter)               Turns: 1172, Time: 00:03:53

Health: -2/33      AC: 13    Str: 20    XL:     5   Next: 41%
Magic:  5/5        EV:  5    Int:  8    God:
Gold:   30         SH:  9    Dex: 10    Spells: 4/4 levels left

rFire    . . .     SeeInvis .   a - +0 war axe
rCold    . . .     Gourm    .   c - +0 shield
rNeg     + . .     Faith    .   i - +0 chain mail
rPois    ∞         Spirit   .   (no helmet)
rElec    +         Reflect  .   (no cloak)
rCorr    .         Harm     .   (no gloves)
MR       .....                  (no boots)
Stlth    ..........             (no amulet)
HPRegen  0.11/turn              (no ring)
MPRegen  0.09/turn              (no ring)

@: no status effects
A: negative energy resistance 1, electricity resistance, unbreathing,
petrification resistance, rot immunity, AC +4
a: no special abilities


You were on level 2 of the Dungeon.
You were not hungry.

You visited 1 branch of the dungeon, and saw 2 of its levels.

You collected 30 gold pieces.

Inventory:

Hand Weapons
 a - a +0 war axe (weapon)
Missiles
 h - 63 stones (quivered)
Armour
 c - a +0 shield (worn)
 i - a +0 chain mail (worn)
Scrolls
 g - a scroll of teleportation {unknown}
 k - a scroll of fog {unknown}
Potions
 b - a potion of brilliance {unknown}
 d - a potion of might
 e - a potion of magic {unknown}
 j - 2 potions of berserk rage {unknown}
Comestibles
 f - 3 rations
 l - 3 chunks of flesh


   Skills:
 + Level 3.9 Fighting
 + Level 3.4 Axes
 + Level 4.2 Armour
 + Level 0.2 Dodging
 + Level 3.9 Shields


You had 4 spell levels left.
You didn't know any spells.
Your spell library was empty.

Dungeon Overview and Level Annotations

Branches:
Dungeon (2/15)

Altars:
Makhleb

Annotations:
D:2 Crazy Yiuf


Innate Abilities, Weirdness & Mutations

You are resistant to torment.
Your stone body is resilient. (AC +4)
You are immune to poison.
You resist negative energy. (rN+)
You are resistant to electric shocks. (rElec)
You can survive without breathing.
You are immune to petrification.
You are immune to rotting.


Message History

Your shield and chain mail prevent you from hitting Crazy Yiuf.
Crazy Yiuf is severely wounded.
Crazy Yiuf glowers.
You block Crazy Yiuf's attack.
You barely miss Crazy Yiuf.
Crazy Yiuf is severely wounded.
Crazy Yiuf hits you with a quarterstaff of chaos.
Space bends around you.
You closely miss Crazy Yiuf.
Crazy Yiuf is severely wounded.
Crazy Yiuf hits you but does no damage.
Your shield and chain mail prevent you from hitting Crazy Yiuf.
Crazy Yiuf is severely wounded.
Crazy Yiuf hits you but does no damage.
Crazy Yiuf hits you with a quarterstaff of chaos!
* * * LOW HITPOINT WARNING * * *
Your shield and chain mail prevent you from hitting Crazy Yiuf.
Crazy Yiuf is severely wounded.
Crazy Yiuf hits you with a quarterstaff of chaos!
You die...

...# ..>.. ##.#
##.##### ##..<..#
##...### .......#
#....#.##♣♣ ####
..#+##).))♣♣ ♣♣#..)#
###.#<.).).♣♣♣♣.@g..#
....#.......♣..♣#...#
####...)...♣.♣♣♣ ####
#...##♣♣♣♣♣ #[..#
#...# #... #... ####


You could see Crazy Yiuf.

Vanquished Creatures
  An ogre (D:2)
  A hound (D:2)
  3 dart slugs (D:1)
  A leopard gecko (D:1)
  2 giant cockroaches
  4 goblins (D:1)
  6 hobgoblins
  5 jackals
  5 kobolds
  A ball python (D:1)
  5 bats
  2 frilled lizards
  A rat (D:2)
37 creatures vanquished.

Notes
Turn   | Place    | Note
-------+----------+-------------------------------------------
     0 | D:1      | Cykl0x the Gargoyle Fighter began the quest for the Orb.
     0 | D:1      | Reached XP level 1. HP: 14/14 MP: 1/1
    85 | D:1      | Reached XP level 2. HP: 18/19 MP: 2/2
   395 | D:1      | Reached XP level 3. HP: 23/23 MP: 3/3
   817 | D:2      | Found a burning altar of Makhleb.
   823 | D:2      | Reached skill level 4 in Armour
   823 | D:2      | Reached XP level 4. HP: 29/29 MP: 4/4
   946 | D:2      | Noticed an ogre
   954 | D:2      | Killed an ogre
   954 | D:2      | Reached XP level 5. HP: 23/33 MP: 5/5
  1146 | D:2      | Found a runed door.
  1150 | D:2      | Noticed Crazy Yiuf
  1153 | D:2      | Paralysed by Crazy Yiuf for 5 turns
  1172 | D:2      | Slain by Crazy Yiuf

Skill      XL: |  1  2  3  4 |
---------------+-------------+-----
Axes           | 2 3 |  3.4
Armour         | 4 |  4.2
Fighting       | |  3.9
Dodging        | |  0.2
Shields        | |  3.9

Action                   |  1- 3 |  4- 6 || total
-------------------------+-------+-------++-------
Melee: War axe           |    65 |    56 ||   121
Throw: Stone             |       |     4 ||     4
  Use: Scroll            |     1 |       ||     1
  Eat: Chunk             |       |     1 ||     1
Armor: Scale mail        |    28 |       ||    28
       Chain mail        |     8 |    38 ||    46
Dodge: Dodged            |    18 |    11 ||    29
Block: Shield            |    36 |    37 ||    73
